Map: [ESL] Alcyone

Players

Coffee - Winner!

  • Race: Terran Terran
  • Spawn Location: 1:00

SCV

  • Race: Protoss Protoss
  • Spawn Location: 7:00

Event: ESL SC2 Masters 2024 Spring (Regional)

VOD

Have the link to the VOD?

Description

Time

  • Played on: April 16, 2024, 8:41 a.m.
  • Length: 10:05

All games in this series

Show
View Real Time Build Order
Export as new Build Order

Coffee Terran - Winner!

Build Orders: Banshee Rush 

Get SALT Encoding   

  12  0:00  SCV  
  13  0:12  SCV  
  14  0:17  Supply Depot  
  14  0:24  SCV  
  15  0:38  SCV  
  15  0:40  Barracks  
  16  0:45  Refinery  
  16  0:50  SCV  
  16  0:54  Refinery  
  17  1:02  SCV  
  18  1:14  SCV  
  19  1:27  Reaper, Orbital Command  
  20  1:42  Bunker  
  20  1:46  Factory  
  20  1:53  SCV  
  21  1:59  Reaper  
  21  2:00  Supply Depot  
  22  2:05  SCV  
  23  2:21  SCV  
  24  2:30  Factory Reactor  
  24  2:33  SCV  
  24  2:35  Command Center  
  25  2:45  SCV  
  26  2:53  Starport  
  26  2:58  SCV  
  26  3:07  Hellion x2  
  26  3:10  SCV  
  26  3:12  Supply Depot  
  31  3:30  Starport Tech Lab  
  31  3:34  SCV, Hellion x2  
  36  3:46  SCV  
  37  3:49  Cloaking Field, Banshee  
  40  3:58  SCV  
  40  4:02  Factory Tech Lab  
  41  4:04  Supply Depot  
  41  4:08  Marine x2  
  43  4:12  SCV, Orbital Command  
  44  4:22  Siege Tank  
  47  4:26  Marine x2  
  46  4:36  SCV  
  46  4:38  SCV  
  44  4:44  Marine x2  
  46  4:48  SCV  
  46  4:52  Barracks  
  47  4:53  Barracks  
  47  4:55  SCV  
  48  5:01  SCV, Marine  
  48  5:02  Marine  
  48  5:07  SCV  
  52  5:08  Siege Tank  
  52  5:13  SCV  
  53  5:16  Engineering Bay, Refinery  
  53  5:19  SCV  
  54  5:22  Supply Depot  
  54  5:25  SCV  
  54  5:27  Marine x2  
  56  5:31  SCV  
  53  5:37  SCV, Starport Reactor  
  53  5:41  Siege Tank  
  53  5:42  Barracks Tech Lab  
  57  5:43  SCV, Terran Infantry Weapons Level 1  
  57  5:47  Stimpack, Missile Turret  
  57  5:48  Missile Turret  
  57  5:49  SCV  
  59  5:53  Marine x3  
  59  5:55  SCV  
  63  5:58  Supply Depot, Refinery  
  63  6:01  SCV, Combat Shield  
  64  6:09  SCV  
  64  6:10  Marine  
  64  6:11  Marine  
  67  6:13  SCV  
  67  6:15  Marine x2  
  70  6:19  Siege Tank, Supply Depot  
  70  6:21  SCV  
  74  6:26  Supply Depot  
  74  6:28  Medivac x2  
  78  6:34  Supply Depot  
  78  6:40  Marine x2  
  78  6:41  Marauder x2  
  78  6:42  SCV x2  
  78  6:44  Supply Depot  
  86  6:49  Supply Depot  
  86  6:52  Siege Tank  
  89  7:02  Marine x2  
  89  7:03  Marauder x2  
  95  7:14  SCV x2, Medivac x2  
  101  7:20  Marine x2  
  103  7:25  Marauder x2  
  106  7:36  Widow Mine  
  108  7:41  Marine x2  
  110  7:46  Marauder x2  
  110  7:51  Missile Turret x2  
  110  7:59  Marine x2  
  110  8:01  SCV x2  
  111  8:07  Marauder  
  111  8:08  Marauder  
  111  8:10  Missile Turret  
  111  8:12  Missile Turret  
  111  8:17  Marine  
  111  8:18  Marine  
  111  8:19  Siege Tank, Viking  
  118  8:23  Supply Depot  
  118  8:24  Viking  
  113  8:34  Marauder  
  113  8:35  Marauder  
  114  8:46  Marine x2  
  118  8:53  Command Center  
  118  8:55  Marauder  
  109  9:08  Marauder  
  111  9:11  Marine x2  
  115  9:17  Marauder  
  113  9:30  Marauder  
  112  9:32  Marine x2  
  112  9:33  SCV x2  
  121  9:38  Marauder  
  121  9:43  Barracks  
  121  9:44  Barracks  
  121  9:45  SCV x2  
Show
View Real Time Build Order
Export as new Build Order

SCV Protoss 

Build Orders: 1 Gate Expand, Phoenix Opening 

Get SALT Encoding   

  12  0:00  Probe  
  13  0:12  Probe  
  14  0:17  Pylon  
  14  0:24  Probe (Chrono Boost)  
  15  0:36  Probe (Chrono Boost)  
  15  0:37  Gateway  
  16  0:44  Probe (Chrono Boost)  
  16  0:45  Assimilator  
  17  0:51  Probe  
  18  1:03  Probe  
  19  1:15  Probe  
  20  1:24  Cybernetics Core  
  20  1:33  Nexus  
  20  1:35  Probe  
  21  1:42  Pylon  
  21  1:47  Probe  
  21  1:51  Assimilator  
  22  1:58  Stalker (Chrono Boost)  
  22  1:59  Probe  
  25  2:09  Shield Battery  
  25  2:12  Probe  
  25  2:23  Stalker (Chrono Boost)  
  25  2:24  Probe  
  27  2:36  Warp Gate, Probe  
  28  2:46  Probe  
  28  2:49  Stargate  
  28  2:51  Probe  
  29  2:58  Probe  
  29  3:03  Probe  
  31  3:11  Probe  
  32  3:15  Probe  
  33  3:23  Probe  
  34  3:27  Probe  
  34  3:31  Gateway  
  34  3:33  Phoenix (Chrono Boost)  
  37  3:35  Probe  
  37  3:37  Pylon  
  37  3:39  Probe  
  39  3:48  Pylon  
  39  3:49  Phoenix (Chrono Boost)  
  39  3:50  Probe  
  39  3:54  Probe  
  43  4:02  Robotics Facility, Probe  
  44  4:05  Assimilator  
  44  4:06  Probe  
  44  4:08  Phoenix (Chrono Boost)  
  47  4:14  Probe  
  48  4:18  Probe  
  48  4:24  Stalker  
  48  4:26  Probe  
  48  4:28  Stalker  
  48  4:30  Probe (Chrono Boost)  
  46  4:42  Probe (Chrono Boost)  
  46  4:44  Probe (Chrono Boost)  
  47  4:46  Observer (Chrono Boost)  
  47  4:48  Assimilator  
  47  4:49  Probe (Chrono Boost)  
  47  4:51  Phoenix  
  47  4:52  Probe (Chrono Boost)  
  52  4:56  Probe  
  52  4:59  Pylon  
  53  5:02  Probe  
  54  5:08  Probe  
  55  5:14  Probe  
  55  5:16  Pylon  
  55  5:19  Robotics Bay  
  55  5:20  Probe  
  57  5:33  Immortal (Chrono Boost)  
  59  5:43  Probe x2  
  59  5:46  Shield Battery  
  59  5:49  Sentry  
  63  5:51  Pylon  
  63  5:55  Probe x2  
  65  6:03  Pylon  
  65  6:05  Stalker  
  65  6:08  Probe x2, Colossus (Chrono Boost)  
  75  6:20  Probe x2  
  77  6:25  Extended Thermal Lance  
  77  6:35  Nexus  
  77  6:37  Probe  
  77  6:38  Probe  
  79  6:41  Pylon  
  79  6:47  Colossus (Chrono Boost)  
  79  6:53  Probe  
  79  6:54  Probe  
  87  7:00  Pylon  
  87  7:06  Sentry x2, Probe x2  
  93  7:18  Gateway  
  93  7:19  Gateway  
  93  7:21  Shield Battery  
  91  7:25  Shield Battery  
  91  7:31  Pylon, Colossus (Chrono Boost)  
  91  7:36  Probe x2  
  99  7:41  Twilight Council  
  97  7:45  Zealot x2  
  97  7:48  Probe x2  
  100  8:02  Probe x3  
  101  8:08  Gateway  
  101  8:10  Zealot  
  101  8:11  Zealot  
  101  8:12  Zealot  
  107  8:14  Zealot, Gateway  
  109  8:21  Probe x2  
  99  8:31  Charge (Chrono Boost)  
  99  8:33  Zealot x3, Probe x2  
  94  8:37  Zealot  
  94  8:42  Templar Archives, Colossus (Chrono Boost)  
  99  9:01  Zealot x4  
  103  9:05  Zealot  
  103  9:06  Nexus  
  103  9:09  Pylon  
  101  9:30  Pylon  
  93  9:32  Pylon  
  93  9:35  High Templar x2  
  93  9:36  Pylon, High Templar  
  99  9:40  Archon  
  99  9:46  Pylon  
  99  9:51  Zealot x2  
Tags
 
Add a new tag
Caveats
  • Supply blocks, unpowered buildings, or Contaminate may cause inaccurate times.
  • Supply counts are checked every 10 seconds.